AoeStats
← dfsevillanom

Arabia

510027992Analyzed
2v2 RM · 3d ago on Sep 29, 2026· 66m 30s· 4 players
Game mode
Random Map
Map size
Medium (4 player)
Population
200
Speed
Normal
Resources
Standard
Victory
Conquest
Starting age
Dark Age
Ending age
Imperial Age
RankedLock teamsTeams togetherTeam positionsShared explorationLock speedFull tech treeHidden civsTurbo modeCheats
Victory
Defeat
🇵🇪 Bengalis · Peru
1093
+17
🇵🇪 Magyars · Peru
1015
+20
🇦🇷 Berbers · Argentina
1123
-19
🇦🇷 Ethiopians · Argentina
1087
-18
ferqr_91
6:48 Loom
9:20 Feudal Age
9:50 Double-Bit Axe
14:35 Wheelbarrow
18:30 Castle Age
18:54 Fletching
19:05 Padded Archer Armor
19:27 Bloodlines
19:52 Gold Mining
21:06 Bow Saw
21:29 Bodkin Arrow
22:51 Gold Shaft Mining
25:12 Fervor
25:41 Hand Cart
25:48 Elite Skirmisher
28:44 Leather Archer Armor
28:55 Horse Collar
30:51 Ballistics
34:49 Imperial Age
32:05 Town Watch
34:30 Paiks
34:43 Heavy Plow
34:57 Elite Elephant Archer
35:58 Bracer
39:28 Chemistry
39:35 Ring Archer Armor
42:26 Conscription
42:23 Forging
42:19 Scale Barding Armor
41:35 Crossbowman
42:22 Husbandry
41:43 Light Cavalry
45:19 Iron Casting
45:04 Chain Barding Armor
48:38 Siege Elephant
51:20 Blast Furnace
50:55 Plate Barding Armor
52:58 Two-Man Saw
53:08 Siege Engineers
53:13 Masonry
54:37 Plate Barding Armor
54:28 Town Patrol
55:45 Elite Battle Elephant
57:45 Squires
57:06 Pikeman
59:18 Scale Mail Armor
60:20 Chain Mail Armor
61:31 Crop Rotation
61:37 Halberdier
65:48 Architecture
dfsevillanom
6:53 Loom
9:11 Feudal Age
10:47 Double-Bit Axe
11:47 Horse Collar
21:24 Castle Age
20:04 Fletching
20:52 Gold Mining
21:26 Bloodlines
23:16 Bow Saw
25:02 Husbandry
25:28 Bodkin Arrow
25:34 Pikeman
29:32 Ballistics
29:48 Scale Mail Armor
32:09 Padded Archer Armor
47:47 Chain Mail Armor
53:10 Imperial Age
53:22 Halberdier
56:34 Corvinian Army
56:38 Recurve Bow
55:59 Elite Magyar Huszar
57:00 Conscription
57:38 Heavy Cavalry Archer
63:05 Bracer
63:11 Scale Barding Armor
67:13 Parthian Tactics
[LP] noseasmanco
6:06 Loom
9:53 Feudal Age
12:21 Double-Bit Axe
21:09 Castle Age
19:19 Fletching
19:33 Padded Archer Armor
21:17 Crossbowman
21:57 Bodkin Arrow
23:49 Scale Mail Armor
25:33 Ballistics
30:29 Leather Archer Armor
30:35 Gold Mining
33:48 Bow Saw
35:50 Horse Collar
40:31 Imperial Age
39:11 Forging
40:51 Halberdier
42:18 Arbalester
44:18 Chemistry
43:48 Chain Mail Armor
44:35 Bracer
45:26 Squires
57:37 Two-Man Saw
56:20 Heavy Camel Rider
59:10 Scale Barding Armor
[LP] Elnegroquetegusta
10:12 Feudal Age
11:03 Double-Bit Axe
13:59 Loom
22:12 Castle Age
20:06 Gold Mining
20:18 Horse Collar
21:04 Scale Barding Armor
22:29 Forging
24:01 Gold Shaft Mining
29:03 Bow Saw
32:41 Wheelbarrow
33:04 Chain Barding Armor
33:17 Bloodlines
39:29 Iron Casting
44:50 Imperial Age
44:55 Cavalier
45:17 Heavy Camel Rider
49:59 Plate Barding Armor
51:34 Blast Furnace
58:20 Hand Cart
Connection lost

Rejoining the realm…

Still unreachable

The connection could not be restored.

Session expired

The server has moved on; the page needs a fresh start.